 Dungeon Crawl Stone Soup version 0.29-a0-529-gfa20dd96a1 (webtiles) character file.

Game seed: 5566964492682364357

90 zishaf the Cutter (level 4, 0/57 HPs)
             Began as a Demigod Wanderer on June 1, 2022.
             Succumbed to an adder's poison
             ... on level 3 of the Dungeon.
             The game lasted 00:04:25 (2843 turns).

zishaf the Cutter (Demigod Wanderer)                Turns: 2843, Time: 00:04:26

Health: 0/57       AC: 22    Str: 13    XL:     4   Next: 11%
Magic:  8/8        EV:  2    Int: 15    God:
Gold:   165        SH:  5    Dex: 16    Spells: 2/5 levels left

rFire   . . .      SeeInvis .   a - +3 short sword
rCold   . . .      Faith    .   g - +1 buckler
rNeg    . . .      Spirit   .   (body armour currently unavailable)
rPois   +          Reflect  .   (helmet currently unavailable)
rElec   .          Harm     .   (cloak currently unavailable)
rCorr   .          Rampage  .   (gloves currently unavailable)
Will    .....      NoTele   +   (boots currently unavailable)
Stlth   ++........              u - amulet of magic regeneration
HPRegen 0.19/turn               (no ring)
MPRegen 0.51/turn               (no ring)

@: mighty, lethally poisoned (0 -> -3), tree-form, attractive, hasted, very
quick
A: stationary, stasis, torment immunity, boosted hp, high MP 1, forlorn, divine
attributes
a: no special abilities


You were on level 3 of the Dungeon.
You were a tree.
You visited 1 branch of the dungeon, and saw 4 of its levels.

You collected 165 gold pieces.

Inventory:

Hand Weapons
 a - a +3 short sword (weapon)
 b - a +0 hunting sling
 j - a +0 short sword of venom
 n - a +1 double sword of venom
Missiles
 f - 8 poisoned darts
Armour
 d - a +0 leather armour (melded)
 g - a +1 buckler (worn)
Jewellery
 u - an amulet of magic regeneration (around neck)
 v - an amulet of guardian spirit
Scrolls
 c - a scroll of vulnerability
 e - a scroll of teleportation
 m - a scroll of enchant armour


   Skills:
 + Level 3.3 Fighting
 - Level 3.6 Short Blades
 + Level 0.4(2.2) Long Blades
 - Level 2.6 Slings
 - Level 1.0 Stealth
 + Level 1.2 Shields
 - Level 1.0 Spellcasting
 + Level 0.2 Conjurations
 + Level 0.3 Earth Magic


You had 2 spell levels left.
You knew the following spells:

 Your Spells              Type           Power      Damage    Failure   Level
a - Stone Arrow           Conj/Erth      2%         3d7       65%         3

Your spell library contained the following spells:

 Spells                   Type           Power      Damage    Failure   Level
 Animate Armour           Summ/Erth      2%         N/A       96%         4
 Lehudib's Crystal Spear  Conj/Erth      0%         10d2      100%        8


Dungeon Overview and Level Annotations

Branches:
Dungeon (4/15)
 Temple: D:4-7

Shops:
D:2 *


Innate Abilities, Weirdness & Mutations

You are a tree.
Your roots penetrate the ground, keeping you stationary.
You cannot be teleported.
You are immune to unholy pain and torment.
Your maximum health is greatly increased.
Your equipment is partially melded.
You have an increased reservoir of magic. (+10% MP)
You shall have no god before yourself.
Your divine heritage dramatically boosts your attributes as you level up.


Message History

You are more poisoned.
The adder poisons you!
You hit the adder.
The adder is almost dead.
You feel sick. The adder bites you.
You barely miss the adder.
The adder is almost dead.
You feel sick. You block the adder's attack. x2
You closely miss the adder.
The adder is almost dead.
You feel sick. The adder bites you.
* * * LOW HITPOINT WARNING * * *
You are lethally poisoned!
The adder poisons you!
You closely miss the adder.
The adder is almost dead.
* * * LOW HITPOINT WARNING * * *
You feel sick. You block the adder's attack.
It was a potion of haste.
You feel yourself speed up.
* * * LOW HITPOINT WARNING * * *
You feel sick. You block the adder's attack.
It was a potion of attraction.
You feel attractive to monsters.
* * * LOW HITPOINT WARNING * * *
You feel sick. The adder barely misses you.
It was a potion of might.
You feel very mighty all of a sudden.
* * * LOW HITPOINT WARNING * * *
You feel sick. The adder closely misses you.
Really quaff the potion of lignification?
You turn into a tree.
Your +0 leather armour melds into your body.
Your roots penetrate the ground.
The adder barely misses you.
You closely miss the adder.
The adder is almost dead.
* * * LOW HITPOINT WARNING * * *
You feel sick. The adder bites you but does no damage.
You puncture the adder!
You kill the adder!
You die...

#....<....# ####
#.........# ...#
#.........# #..#
#.........# #†[#
#.........# ##### #..#
#####+#.#.# #...#
...#######.#...######.#.#
##.......#....#.......#.#
................♣.....#.#
###........#..#.#.....#.#
..#...#..#.#..#.#[..###.#
########.#.#......#.#.#.#
.........#.#..#...#...#.#
##########.##.###.###.#.#
....#....#............#.#
###.#.##.#####.##..####.###
.........# #.##..<# #...#


There were no monsters in sight!

Vanquished Creatures
  3 adders
  2 dart slugs
  3 worms
  2 orcs
  5 bats
  2 endoplasms
  2 giant cockroaches (D:3)
  5 goblins
  3 hobgoblins
  5 jackals
  6 kobolds
  2 quokkas (D:1)
  7 ball pythons
  2 frilled lizards
  5 rats
54 creatures vanquished.

Notes
Turn   | Place    | Note
-------+----------+-------------------------------------------
     0 | D:1      | zishaf the Demigod Wanderer began the quest for the Orb.
     0 | D:1      | zishaf set off with the following items: a +3 short sword,
                  | a +0 hunting sling, a scroll of vulnerability, a +0 leather
                  | armour
     0 | D:1      | Reached XP level 1. HP: 17/17 MP: 3/3
   272 | D:1      | Reached XP level 2. HP: 25/25 MP: 4/4
  1044 | D:2      | Reached XP level 3. HP: 29/31 MP: 5/5
  1509 | D:2      | Reached skill level 1 in Shields
  1658 | D:2      | Found Byuniudgh's Assorted Antiques.
  1845 | D:3      | Reached skill level 1 in Spellcasting
  2073 | D:3      | Learned a level 3 spell: Stone Arrow
  2468 | D:3      | Reached XP level 4. HP: 38/38 MP: 8/8
  2840 | D:3      | HP: 1/38 [poisoned by an adder]
  2843 | D:3      | Succumbed to an adder's poison

Illustrated notes

Levels and vault maps discovered:
D:1:      evilmike_arrival_fibonacci_small, layout_rooms,
          hellmonk_ecumenical_altar_heavens_door, minmay_misc_feat_encased,
          grunt_decor_arrowhead, minmay_small_reverse_x
D:2:      layout_loops_ring, serial_shops, shop
D:3:      layout_basic
D:4:      layout_cave_pools, kennysheep_mini_moat,
          mainiacjoe_overflow_boulevard, ebering_ghost_sewer_d

Skill      XL: |  1  2  3 |
---------------+----------+-----
Fighting       | 2 3 |  3.3
Shields        | 1 |  1.2
Spellcasting   | 1 |  1.0
Short Blades   | |  3.6
Long Blades    | |  0.4
Slings         | |  2.6
Stealth        | |  1.0
Conjurations   | |  0.2
Earth Magic    | |  0.3

Action                   |  1- 3 |  4- 6 || total
-------------------------+-------+-------++-------
Melee: Short sword       |    61 |    17 ||    78
       Double sword      |     8 |       ||     8
 Fire: Hunting sling     |    65 |    13 ||    78
  Use: Scroll            |       |     8 ||     8
       Potion            |       |     4 ||     4
 Stab: Sleeping          |     1 |       ||     1
Armor: Leather armour    |    19 |     5 ||    24
       Skin              |       |     1 ||     1
Dodge: Dodged            |    38 |    10 ||    48
Block: Buckler           |     5 |     7 ||    12

Table legend: (Time is in decaauts)
 A = Elapsed time spent in this place.
 B = Non-inter-level travel time spent in this place.
 C = Inter-level travel time spent in this place.
 D = Time resting spent in this place.
 E = Time spent auto-exploring this place.
 F = Levels seen in this place.
 G = Mean time per level.
                   A        B        C        D        E       F      G
               +--------+--------+--------+--------+--------+-----+--------+
         Total |   2860 |   2796 |     64 |    182 |   2156 |   4 |  715.0 |
       Dungeon |   2860 |   2796 |     64 |    182 |   2156 |   4 |  715.0 |
               +--------+--------+--------+--------+--------+-----+--------+

Top non-repeatable levels by time:
     D:2: 913 daAuts
     D:1: 898 daAuts
     D:3: 841 daAuts
     D:4: 207 daAuts
